 Dungeon Crawl Stone Soup version 0.23.2-33-g5129a83184 (webtiles) character file.

Game seed: 11545348865043030244

398 Exodus22XD the Firebug (level 6, 0/44 HPs)
             Began as a Gnoll Fire Elementalist on June 26, 2019.
             Was a Believer of Cheibriados.
             Slain by a hell rat (8 damage)
             ... on level 5 of the Dungeon on June 27, 2019.
             The game lasted 00:52:35 (3698 turns).

Exodus22XD the Firebug (Gnoll Fire Elementalist)    Turns: 3698, Time: 00:52:35

Health: 0/44       AC:  6    Str: 15    XL:     6   Next: 83%
Magic:  2/14       EV: 15    Int: 27    God:    Cheibriados [**....]
Gold:   316        SH:  0    Dex: 21    Spells: 6/15 levels left

rFire    . . .     SeeInvis .   H - +0 flail
rCold    . . .     Gourm    .   (no shield)
rNeg     . . .     Faith    .   a - +0 robe
rPois    .         Spirit   .   (no helmet)
rElec    .         Reflect  .   u - +0 cloak
rCorr    .         Harm     +   (no gloves)
MR       .....                  n - +0 pair of boots
Stlth    +++.......             b - amulet of harm
HPRegen  0.14/turn              l - +2 ring of protection
MPRegen  0.14/turn              m - +3 ring of intelligence

@: drained, very slow
A: distributed training, fangs 1, strong nose
a: Bend Time, Renounce Religion


You were on level 5 of the Dungeon.
You worshipped Cheibriados.
Cheibriados was pleased with you.
You were not hungry.

You visited 1 branch of the dungeon, and saw 5 of its levels.

You collected 316 gold pieces.

Inventory:

Hand Weapons
 o - a +0 hand axe
 w - a +0 spear
 D - a +0 blowgun
 H - a +0 flail (weapon)
Missiles
 E - 12 poisoned needles
Armour
 a - a +0 robe (worn)
 n - a +0 pair of boots (worn)
 q - a +0 ring mail
 u - a +0 cloak (worn)
 C - a +1 leather armour of positive energy
 I - the +1 chain mail "Gyaca" {MR- Int+6, unknown}
   (You found it on level 5 of the Dungeon)

   It affects your intelligence (+6).
   It affects your resistance to hostile enchantments.
Jewellery
 b - an amulet of harm (around neck)
 l - a +2 ring of protection (left hand)
 m - a +3 ring of intelligence (right hand)
Wands
 F - a wand of acid (9)
 K - a wand of flame (13)
Scrolls
 e - a scroll of enchant armour {unknown}
 f - 2 scrolls of remove curse
 g - 2 scrolls of random uselessness {unknown}
 h - 2 scrolls of noise {unknown}
 j - a scroll of immolation {unknown}
 p - a scroll of fear {unknown}
 r - 2 scrolls of magic mapping {unknown}
 y - a scroll of blinking {unknown}
 B - 2 scrolls of teleportation
 G - 3 scrolls of fog {unknown}
Potions
 d - a potion of agility
 i - 2 potions of curing
 k - a potion of might
 s - 2 potions of degeneration {unknown}
 t - a potion of mutation {unknown}
 v - a potion of lignification {unknown}
 x - 2 potions of heal wounds {unknown}
 z - a potion of brilliance {unknown}
 A - a potion of haste {unknown}
 J - a potion of cancellation {unknown}
Comestibles
 c - 7 rations


   Skills:
 + Level 2.1(1.1) Fighting
 + Level 2.1(1.1) Short Blades
 + Level 2.1(1.1) Long Blades
 + Level 2.1(1.1) Axes
 + Level 2.1(1.1) Maces & Flails
 + Level 2.1(1.1) Polearms
 + Level 2.1(1.1) Staves
 + Level 2.1(1.1) Slings
 + Level 2.1(1.1) Bows
 + Level 2.1(1.1) Crossbows
 + Level 2.1(1.1) Throwing
 + Level 2.1(1.1) Armour
 + Level 5.0(4.0) Dodging
 + Level 4.6(3.6) Stealth
 + Level 2.1(1.1) Shields
 + Level 2.1(1.1) Unarmed Combat
 + Level 5.4(4.4) Spellcasting
 + Level 2.7(1.7) Conjurations
 + Level 1.6(0.7) Hexes
 + Level 1.6(0.7) Charms
 + Level 1.6(0.7) Summonings
 + Level 1.6(0.7) Necromancy
 + Level 1.6(0.7) Translocations
 + Level 1.6(0.7) Transmutations
 + Level 5.7(4.6) Fire Magic
 + Level 1.6(0.7) Ice Magic
 + Level 1.6(0.7) Air Magic
 + Level 1.6(0.7) Earth Magic
 + Level 1.6(0.7) Poison Magic
 + Level 2.3(1.3) Invocations
 + Level 2.1(1.1) Evocations


You had 6 spell levels left.
You knew the following spells:

 Your Spells              Type           Power        Failure   Level  Hunger
a - Flame Tongue          Conj/Fire      ###..        1%          1    None
b - Throw Flame           Conj/Fire      ###...       3%          2    None
c - Conjure Flame         Conj/Fire      ###.....     6%          3    ##.....
d - Inner Flame           Hex/Fire       ###.....     8%          3    ##.....

Your spell library contained the following spells:

 Spells                   Type           Power        Failure   Level  Hunger
 Sticky Flame             Conj/Fire      ###.....     21%         4    ####...
 Fireball                 Conj/Fire      ###.......   50%         5    #####..


Dungeon Overview and Level Annotations

Branches:
Dungeon (5/15)
 Temple: D:4-7

Altars:
Cheibriados
Makhleb
Xom
The Shining One


Innate Abilities, Weirdness & Mutations

Your experience applies equally to all skills.
You have very sharp teeth.
Your uncanny sense of smell can sniff out nearby items.


Message History

The hell rat bites you.
You feel drained.
You hit the hell rat but do no damage. The hell rat misses you.
The hell rat bites you.
You hit the hell rat but do no damage. Your bite misses the hell rat.
The hell rat barely misses you. x2
You hit the hell rat.
The hell rat is lightly wounded.
The hell rat bites you!
You feel drained.
You closely miss the hell rat.
The hell rat is lightly wounded.
The hell rat misses you. x2
You closely miss the hell rat.
The hell rat is lightly wounded.
The hell rat bites you but does no damage.
You barely miss the hell rat.
The hell rat is lightly wounded.
The hell rat bites you!!
* * * LOW HITPOINT WARNING * * *
You feel drained.
You die...

#.####..# #.#.#.#
.#.......###.#.#.# ∆
...................
#########.#####.#.. #..#
#.#.. ##.# # #.. #.###
#.. ###########..## #..
###.@°r.†.# #..##.#..
####..##r..#...##.##.#..
∆ #.#.### ###.# ##.#..#.
##.## .. ##.###.#. ∆
#.### ##.####... ##..##∆
##..##... ###.##
###.#... ##.#####
######.##...
##..#.###.#...###...


You could see a hell rat and a river rat.

Vanquished Creatures
  A crimson imp (D:5)
  Ijyb (D:3)
  Natasha (thrice) (D:3)
  A worker ant (D:4)
  A worker ant zombie (D:5)
  3 gnolls (D:5)
  A howler monkey skeleton (D:4)
  9 adders
  2 worms (D:3)
  A dart slug (D:1)
  2 leopard geckos (D:1)
  2 orcs
  5 bats (D:3)
  3 giant cockroaches (D:3)
  13 goblins
  9 hobgoblins
  14 jackals
  5 kobolds
  4 quokkas
  2 frilled lizards (D:3)
  A leopard gecko skeleton (D:5)
  17 rats
100 creatures vanquished.

Notes
Turn   | Place    | Note
-------+----------+-------------------------------------------
     0 | D:1      | Exodus22XD the Gnoll Fire Elementalist began the quest for
                  | the Orb.
     0 | D:1      | Reached XP level 1. HP: 13/13 MP: 6/6
   346 | D:1      | Reached XP level 2. HP: 19/19 MP: 1/7
   620 | D:1      | Reached XP level 3. HP: 25/25 MP: 7/9
   629 | D:1      | Found a glowing golden altar of the Shining One.
   786 | D:1      | Learned a level 2 spell: Throw Flame
   845 | D:2      | Reached skill level 5 in Spellcasting
   935 | D:2      | Reached skill level 1 in Invocations
  1037 | D:2      | Found a shimmering altar of Xom.
  1052 | D:2      | Reached skill level 1 in Fighting
  1052 | D:2      | Reached skill level 1 in Short Blades
  1052 | D:2      | Reached skill level 1 in Long Blades
  1052 | D:2      | Reached skill level 1 in Axes
  1052 | D:2      | Reached skill level 1 in Maces & Flails
  1052 | D:2      | Reached skill level 1 in Polearms
  1052 | D:2      | Reached skill level 1 in Staves
  1052 | D:2      | Reached skill level 1 in Slings
  1052 | D:2      | Reached skill level 1 in Bows
  1052 | D:2      | Reached skill level 1 in Crossbows
  1052 | D:2      | Reached skill level 1 in Throwing
  1052 | D:2      | Reached skill level 1 in Armour
  1052 | D:2      | Reached skill level 1 in Shields
  1052 | D:2      | Reached skill level 1 in Unarmed Combat
  1052 | D:2      | Reached skill level 1 in Evocations
  1052 | D:2      | Reached XP level 4. HP: 32/32 MP: 0/11
  1655 | D:2      | Reached skill level 1 in Hexes
  1655 | D:2      | Reached skill level 1 in Charms
  1655 | D:2      | Reached skill level 1 in Summonings
  1655 | D:2      | Reached skill level 1 in Necromancy
  1655 | D:2      | Reached skill level 1 in Translocations
  1655 | D:2      | Reached skill level 1 in Transmutations
  1655 | D:2      | Reached skill level 1 in Ice Magic
  1655 | D:2      | Reached skill level 1 in Air Magic
  1655 | D:2      | Reached skill level 1 in Earth Magic
  1655 | D:2      | Reached skill level 1 in Poison Magic
  1659 | D:2      | Found a snail-covered altar of Cheibriados.
  1671 | D:2      | Became a worshipper of Cheibriados the Contemplative
  1875 | D:3      | Noticed Natasha
  1883 | D:3      | Killed Natasha
  1883 | D:3      | Reached XP level 5. HP: 33/37 MP: 1/12
  1888 | D:3      | Learned a level 3 spell: Conjure Flame
  2074 | D:3      | Reached * piety under Cheibriados
  2199 | D:3      | Noticed Natasha
  2206 | D:3      | Killed Natasha
  2368 | D:3      | Noticed Natasha
  2374 | D:3      | Killed Natasha
  2442 | D:3      | Reached XP level 6. HP: 44/44 MP: 8/13
  2478 | D:3      | Reached ** piety under Cheibriados
  2585 | D:3      | Noticed Ijyb
  2592 | D:3      | Killed Ijyb
  2895 | D:4      | Learned a level 3 spell: Inner Flame
  3432 | D:5      | Entered Level 5 of the Dungeon
  3435 | D:5      | Reached skill level 5 in Dodging
  3533 | D:5      | Got an ancient chain mail
  3579 | D:5      | Found a burning altar of Makhleb.
  3698 | D:5      | Slain by a hell rat

Skill      XL: |  1  2  3  4  5  6 |
---------------+-------------------+-----
Conjurations   | 2 |  2.7
Spellcasting   | 5 |  5.4
Invocations    | 1 2 |  2.3
Fighting       | 1 2 |  2.1
Short Blades   | 1 2 |  2.1
Long Blades    | 1 2 |  2.1
Axes           | 1 2 |  2.1
Maces & Flails | 1 2 |  2.1
Polearms       | 1 2 |  2.1
Staves         | 1 2 |  2.1
Slings         | 1 2 |  2.1
Bows           | 1 2 |  2.1
Crossbows      | 1 2 |  2.1
Throwing       | 1 2 |  2.1
Armour         | 1 2 |  2.1
Shields        | 1 2 |  2.1
Unarmed Combat | 1 2 |  2.1
Evocations     | 1 2 |  2.1
Hexes          | 1 |  1.6
Charms         | 1 |  1.6
Summonings     | 1 |  1.6
Necromancy     | 1 |  1.6
Translocations | 1 |  1.6
Transmutations | 1 |  1.6
Ice Magic      | 1 |  1.6
Air Magic      | 1 |  1.6
Earth Magic    | 1 |  1.6
Poison Magic   | 1 |  1.6
Dodging        | 5 |  5.0
Stealth        | |  4.6
Fire Magic     | |  5.7

Action                   |  1- 3 |  4- 6 || total
-------------------------+-------+-------++-------
Melee: Unarmed           |    12 |       ||    12
       Bite              |     2 |    13 ||    15
       Hand axe          |    16 |    94 ||   110
       Club              |     2 |       ||     2
       Flail             |       |    16 ||    16
       Punch             |       |     1 ||     1
 Cast: Flame Tongue      |    22 |    81 ||   103
       Throw Flame       |    11 |    62 ||    73
       Conjure Flame     |       |     1 ||     1
  Use: Scroll            |     4 |       ||     4
  Eat: Ration            |       |     2 ||     2
Armor: Robe              |     5 |    32 ||    37
Dodge: Dodged            |    28 |   124 ||   152
